 Dungeon Crawl Stone Soup version 0.22-a0-756-gc33bbe721d (webtiles) character file.

3299 Chiseanne the Covert (level 9, -6/41 HPs)
             Began as a Spriggan Assassin on July 16, 2018.
             Was an Initiate of Gozag.
             Mangled by a soldier ant (12 damage)
             ... while paralysed by a hornet
             ... on level 8 of the Dungeon.
             The game lasted 00:28:06 (7102 turns).

Chiseanne the Covert (Spriggan Assassin)            Turns: 7102, Time: 00:28:07

Health: -6/41      AC:  8    Str:  7    XL:     9   Next: 70%
Magic:  10/10      EV:  4    Int: 13    God:    Gozag
Gold:   229        SH:  0    Dex: 20    Spells: 8/8 levels left

rFire    . . .     SeeInvis +   a - +3 dagger (freeze)
rCold    + . .     Gourm    .   (shield restricted)
rNeg     . . .     Faith    .   u - +1 troll leather armour {Purgy}
rPois    .         Spirit   .   (helmet restricted)
rElec    .         Reflect  +   d - +1 cloak
rCorr    .         Harm     .   (gloves unavailable)
MR       +....                  (boots unavailable)
Stlth    ++++++....             I - +4 amulet of reflection
HPRegen  0.53/turn              t - ring of protection from cold
MPRegen  0.12/turn              c - ring of Fedhas's Whim {+Fly Stlth+}

@: paralysed, gold aura, slowed, very quick
A: very small, unfitting armour, see invisible, herbivore, speed 3, slow
metabolism 2
a: Potion Petition, Call Merchant, Bribe Branch, Renounce Religion, Evoke Flight


You were on level 8 of the Dungeon.
You worshipped Gozag.
Gozag was aware of your devotion.
You were not hungry.

You visited 2 branches of the dungeon, and saw 9 of its levels.
You also visited: Sewer.

You collected 970 gold pieces.
You spent 216 gold pieces at shops.
You paid 525 gold pieces to Gozag.

Inventory:

Hand Weapons
 a - a +3 dagger of freezing (weapon)
 e - a +0 hunting sling
 s - a +3 short sword of electrocution
 w - a +0 blowgun
Missiles
 h - 77 sling bullets
 j - 181 stones
 l - 110 bolts
 r - 66 poisoned needles
 A - 5 tomahawks (quivered)
 H - 34 arrows
Armour
 d - a +1 cloak (worn)
 u - a +1 troll leather armour (worn) {Purgy}
Magical Staves
 K - an uncursed staff of energy
Jewellery
 c - the ring of Fedhas's Whim (right hand) {+Fly Stlth+}
   (You found it on level 5 of the Dungeon)

   [ring of flight]

   It lets you fly.
   It makes you more stealthy.
 t - a ring of protection from cold (left hand)
 I - a +4 amulet of reflection (around neck)
 J - a +2 ring of protection {unknown}
 L - an uncursed amulet of the acrobat {unknown}
Wands
 f - a wand of polymorph (15)
 C - a wand of random effects (9)
 M - a wand of flame (21)
Scrolls
 k - 2 scrolls of teleportation
 n - 4 scrolls of remove curse
 y - 2 scrolls of magic mapping
 z - 2 scrolls of fog
 D - 2 scrolls of blinking
 O - 2 scrolls of fear
Potions
 b - a potion of lignification
 i - a potion of cancellation {unknown}
 m - a potion of might
 o - a potion of magic {unknown}
 p - a potion of agility {unknown}
 q - a potion of degeneration {unknown}
 v - 4 potions of flight
 x - 4 potions of curing
 B - 2 potions of heal wounds {unknown}
 F - a potion of resistance {unknown}
 G - a potion of brilliance {unknown}
Comestibles
 g - 9 rations


   Skills:
 - Level 1.5 Fighting
 * Level 8.0 Short Blades
 - Level 2.0 Throwing
 * Level 4.6 Armour
 * Level 10.1 Dodging
 * Level 12.1 Stealth


You had 8 spell levels left.
You didn't know any spells.
Your spell library contained the following spells:

 Spells                   Type           Power        Failure   Level  Hunger
 Stone Arrow              Conj/Erth      #.....       78%         3    ####...
 Passwall                 Tmut/Erth      #.......     54%         2    ###....
 Lee's Rapid Deconstruct  Erth           #.........   100%        5    ######.
 Sandblast                Erth           #.....       41%         1    ##.....
 Petrify                  Tmut/Erth      #.......     99%         4    #####..


Dungeon Overview and Level Annotations

Branches:
Dungeon (8/15)             Temple (1/1) D:4            Lair (0/6) D:8

Altars:
Ashenzari
Cheibriados
Dithmenos
Elyvilon
Fedhas
Gozag
Hepliaklqana
Kikubaaqudgha
Makhleb
Nemelex Xobeh
Okawaru
Qazlal
Ru
Sif Muna
Trog
Uskayaw
Vehumet
Xom
Zin

Shops:
D:4 =   D:8 (

Annotations:
D:6 1 runed door, Hercules1031's ghost, amateur DsFE
D:8 2 transporters


Innate Abilities, Weirdness & Mutations

You are very small and have problems with some larger weapons.
You are too small for most types of armour.
You have supernaturally acute eyesight. (SInv)
You are a herbivore.
You cover ground extremely quickly.
You need to consume almost no food.


Message History

You freeze the worker ant.
You kill the worker ant!
A hornet comes into view.
The hornet buzzes angrily.
The soldier ant twitches its antennae in your direction.
The hornet completely misses you.
The soldier ant is distracted by the nearby gold.
You hit the hornet. You freeze the hornet.
The hornet is lightly wounded.
The hornet stings you!
You suddenly lose the ability to move!
The hornet stings you but does no damage.
The hornet stings you!
You shrug off the repeated paralysis!
The hornet stings you.
You feel yourself slow down.
The soldier ant is no longer distracted by gold.
The hornet stings you!
* * * LOW HITPOINT WARNING * * *
You feel as though you will be slow longer.
The soldier ant stings you!
You die...
Your body crumbles into a pile of gold.

..©.....## ....
#######..##.....
.....8##........ .#
.......#.##.#### #.#
G.©..#.#......# #.#
#...#..#.##.#.# ####.#
5......#.# # #######....#
#...#..#.# #a#.#$#.#..#
.....#.#.# #@#.##....#
$($(|..#.### #y#$#..##..#
$._.$8##...#####.#.##....#
#######.......#######.#.##
..©.....#........######.#
..............>..##.....#
................>##.#.###
+##..............##...#
...............[.##.#.###


You could see a soldier ant and a hornet.

Vanquished Creatures
  A two-headed ogre (D:7)
  A hornet (D:8)
  Purgy (Sewer)
  An orc warrior (D:7)
  2 sky beasts (D:7)
  6 ogres
  2 centaurs
  Blork the orc (D:4)
  5 bullfrogs
  A water moccasin skeleton (D:6)
  A wight (D:7)
  2 howler monkeys
  4 crimson imps
  A jelly (D:5)
  3 orc priests
  A bullfrog skeleton (D:5)
  A centaur skeleton (D:4)
  4 orc wizards
  8 worker ants
  A worker ant zombie (D:6)
  7 adders
  8 gnolls
  A shadow imp (D:5)
  4 worms
  3 dart slugs
  4 leopard geckos
  16 orcs
  6 giant cockroaches
  12 hobgoblins
  4 jackals
  2 quokkas
  2 ball pythons (Sewer)
  13 bats
  9 frilled lizards
  9 goblins
  9 kobolds
  A quokka skeleton (D:5)
  A quokka zombie (D:7)
  11 rats
169 creatures vanquished.

Notes
Turn   | Place    | Note
-------+----------+-------------------------------------------
     0 | D:1      | Chiseanne the Spriggan Assassin began the quest for the Orb.
     0 | D:1      | Reached XP level 1. HP: 10/10 MP: 2/2
   179 | D:1      | Reached skill level 6 in Stealth
   266 | D:1      | Reached XP level 2. HP: 12/14 MP: 3/3
   866 | D:1      | Reached XP level 3. HP: 15/18 MP: 4/4
  1365 | D:2      | Found a stormy altar of Qazlal.
  1408 | D:2      | Found a blossoming altar of Fedhas.
  1987 | D:2      | Reached XP level 4. HP: 22/22 MP: 5/5
  2352 | D:2      | Found a bloodstained altar of Trog.
  2536 | D:3      | Found a glowing drain.
  2543 | Sewer    | Entered a sewer
  2567 | Sewer    | Noticed Purgy
  2590 | Sewer    | Killed Purgy
  2590 | Sewer    | Reached skill level 7 in Stealth
  2590 | Sewer    | Reached XP level 5. HP: 15/25 MP: 6/6
  3045 | D:3      | Reached skill level 5 in Dodging
  3054 | D:3      | Reached XP level 6. HP: 25/30 MP: 7/7
  3535 | D:4      | Noticed Blork the orc
  3548 | D:4      | Killed Blork the orc
  3548 | D:4      | Reached skill level 1 in Armour
  3548 | D:4      | Reached skill level 8 in Stealth
  3569 | D:4      | Found a staircase to the Ecumenical Temple.
  3573 | D:4      | Noticed an ice beast
  3578 | Temple   | Entered the Ecumenical Temple
  3767 | Temple   | Became a worshipper of Gozag Ym Sagoz the Greedy
  3816 | D:4      | an ice beast changed into a centaur
  3905 | D:4      | Reached XP level 7. HP: 26/33 MP: 8/8
  3965 | D:4      | Reached skill level 5 in Short Blades
  4073 | D:4      | Reached skill level 9 in Stealth
  4327 | D:4      | Found a shattered altar of Ashenzari.
  4407 | D:4      | Found Heneijio's Jewellery Boutique.
  4672 | D:5      | Entered Level 5 of the Dungeon
  4857 | D:5      | Reached XP level 8. HP: 32/37 MP: 9/9
  5010 | D:5      | Got an ancient turquoise ring
  5016 | D:5      | Identified the ring of Fedhas's Whim {+Fly Stlth+} (You found it on level 5 of the Dungeon)
  5127 | D:5      | Reached skill level 10 in Stealth
  5438 | D:6      | Found a runed door.
  5443 | D:6      | Noticed Hercules1031's ghost (amateur DsFE)
  5617 | D:6      | Found a deep blue altar of Sif Muna.
  5617 | D:6      | Found a hide-covered altar of Uskayaw.
  5753 | D:7      | Found a sacrificial altar of Ru.
  6234 | D:7      | Reached skill level 11 in Stealth
  6234 | D:7      | Reached XP level 9. HP: 41/41 MP: 10/10
  6395 | D:8      | Noticed a two-headed ogre
  6516 | D:7      | Killed a two-headed ogre
  6637 | D:8      | Bought a glowing short sword for 216 gold pieces
  6772 | D:8      | Found a hazy altar of Hepliaklqana.
  6774 | D:8      | Noticed a cyclops
  6776 | D:8      | Found a transporter.
  6781 | D:8      | Noticed a two-headed ogre
  6785 | D:8      | Found a staircase to the Lair.
  6792 | D:8      | Found a transporter.
  7024 | D:8      | Reached skill level 10 in Dodging
  7024 | D:8      | Reached skill level 12 in Stealth
  7099 | D:8      | Paralysed by a hornet for 3 turns
  7102 | D:8      | Mangled by a soldier ant

Vault maps used:
D:1:      onia_arrival_pentagram, minivault_4, serial_park_tiny_pond,
          st_stairs_7, serial_bayou_pond_c, minmay_quantized
D:2:      old_standard_altar, lemuel_crystal_altar,
          lemuel_coloured_pillars_altar, grunt_ministairs_13, minmay_tromino_v2
D:3:      first_ration, cheibrodos_sewer_entry_bend, moated_statue
D:4:      minmay_temple_entry_statues_fountains, serial_shops, shop,
          nicolae_ashenzari_panopticon, uniq_blork_the_orc
D:6:      gammafunk_temple_overflow_elements, ebering_ghost_reflecting_pool
D:7:      lemuel_round_altar, overflow_temple_1_default,
          overflow_temple_1_default
D:8:      yredelemnul_forgotten_temple_becter, gammafunk_temple_overflow_arena,
          lair_entry_dummy, hangedman_pestilent_swarm
Temple:   minmay_temple_curvy_loop
Sewer:    sewer_co_purgy_island

Skill      XL: |  1  2  3  4  5  6  7  8  9 |
---------------+----------------------------+-----
Stealth        | 6 7 8 9 11 12 | 12.1
Dodging        | 2 3 4 5 7 8 10 | 10.1
Short Blades   | 3 4 5 6 8 |  8.0
Armour         | 1 2 3 4 |  4.6
Fighting       | |  1.5
Throwing       | |  2.0

Action                   |  1- 3 |  4- 6 |  7- 9 || total
-------------------------+-------+-------+-------++-------
Melee: Dagger            |   142 |   154 |   314 ||   610
       Short sword       |       |       |     6 ||     6
 Fire: Blowgun           |    16 |    59 |    94 ||   169
Throw: Stone             |       |       |     3 ||     3
       Tomahawk          |       |       |     2 ||     2
Invok: Call Merchant     |       |       |     1 ||     1
Evoke: Wand              |       |     2 |     2 ||     4
  Use: Scroll            |       |       |    15 ||    15
 Stab: Sleeping          |    19 |     8 |    23 ||    50
       Distracted        |       |     1 |     4 ||     5
  Eat: Ration            |       |     3 |       ||     3
Armor: Robe              |    15 |     4 |       ||    19
       Troll leather arm |       |    15 |    26 ||    41
Dodge: Dodged            |   104 |   130 |   208 ||   442
Block: Other             |       |       |    11 ||    11

Table legend:
 A = Spawn XP
 B = Non-spawn XP
 C = Spawn XP percentage of total XP
 D = Spawn monster count
 E = Non-spawn monster count
 F = Spawn count percentage of total count
 G = Total turns spent on level
                    A         B        C        D         E        F      G
               +---------+---------+-------+---------+---------+-------+---------
         Total |       0 |    4714 |   0.0 |       0 |     169 |   0.0 |  7102
               +---------+---------+-------+---------+---------+-------+---------
           D:1 |       0 |      54 |   0.0 |       0 |      34 |   0.0 |  1341
           D:2 |       0 |      59 |   0.0 |       0 |      19 |   0.0 |  1119
           D:3 |       0 |     264 |   0.0 |       0 |      30 |   0.0 |  1094
           D:4 |       0 |     717 |   0.0 |       0 |      21 |   0.0 |   829
           D:5 |       0 |     680 |   0.0 |       0 |      22 |   0.0 |   584
           D:6 |       0 |     208 |   0.0 |       0 |       5 |   0.0 |   482
           D:7 |       0 |    1871 |   0.0 |       0 |      21 |   0.0 |   831
           D:8 |       0 |     715 |   0.0 |       0 |      11 |   0.0 |   484
         Sewer |       0 |     146 |   0.0 |       0 |       6 |   0.0 |   125
               +---------+---------+-------+---------+---------+-------+---------
